 Dungeon Crawl Stone Soup version 0.26-a0-667-g92642533e4 (webtiles) character file.

Game seed: 7023538523936180319

371 jasper the Insei (level 6, -1/32 HPs)
             Began as a Vine Stalker Wanderer on Oct 17, 2020.
             Was an Initiate of Nemelex Xobeh.
             Slain by Grinder (5 damage)
             ... on level 5 of the Dungeon.
             The game lasted 00:03:52 (3124 turns).

jasper the Insei (Vine Stalker Wanderer)            Turns: 3124, Time: 00:03:54

Health: -1/32      AC:  8    Str: 13    XL:     6   Next: 71%
Magic:  0/7        EV:  9    Int: 14    God:    Nemelex Xobeh [......]
Gold:   156        SH:  0    Dex: 15    Spells: 5/5 levels left

rFire    + . .     SeeInvis .     - Unarmed
rCold    x . .     Faith    .   (no shield)
rNeg     . . .     Spirit   +   b - +2 scale mail
rPois    .         Reflect  .   (no helmet)
rElec    .         Harm     .   (no cloak)
rCorr    .         Rampage  .   (no gloves)
MR       .....                  (no boots)
Stlth    ..........             i - amulet of the acrobat
HPRegen  0.50/turn              l - ring of fire
MPRegen  0.10/turn              (no ring)

@: mighty
A: fangs 2, regeneration 1, magic shield, antimagic bite, no potion heal 3, rot
immunity
a: Draw Escape, Draw Destruction, Draw Summoning, Renounce Religion


You were on level 5 of the Dungeon.
You worshipped Nemelex Xobeh.
Nemelex Xobeh was noncommittal.
You visited 1 branch of the dungeon, and saw 5 of its levels.

You collected 156 gold pieces.

Inventory:

Missiles
 g - 87 stones (quivered)
Armour
 b - a +2 scale mail (worn)
Jewellery
 i - an amulet of the acrobat (around neck)
 l - a ring of fire (left hand)
Scrolls
 a - 2 scrolls of amnesia {unknown}
 c - 4 scrolls of teleportation
 f - 2 scrolls of remove curse {unknown}
 j - 2 scrolls of fog {unknown}
 k - a scroll of identify {unknown}
 o - a scroll of random uselessness {unknown}
 p - 2 scrolls of magic mapping {unknown}
Potions
 d - a potion of cancellation {unknown}
 h - a potion of brilliance {unknown}
 m - a potion of berserk rage {unknown}
 n - 2 potions of stabbing {unknown}
 q - a potion of flight {unknown}
 r - a potion of mutation {unknown}
 s - a potion of ambrosia {unknown}


   Skills:
 + Level 3.3 Fighting
   Level 1.0 Short Blades
   Level 1.7 Maces & Flails
 - Level 1.0 Throwing
 + Level 3.0 Armour
 - Level 0.2 Dodging
 - Level 1.2 Stealth
   Level 1.0 Shields
 * Level 4.3 Unarmed Combat
 + Level 1.2 Invocations


You had 5 spell levels left.
You didn't know any spells.
Your spell library contained the following spells:

 Spells                   Type           Power        Failure   Level
 Corona                   Hex            #......      78%         1
 Ensorcelled Hibernation  Hex/Ice        #.....       89%         2
 Confusing Touch          Hex            #.......     98%         3
 Dazzling Flash           Conj/Hex       #.....       98%         3
 Tukima's Dance           Hex            #.......     98%         3


Dungeon Overview and Level Annotations

Branches:
Dungeon (5/15)
 Temple: D:4-7

Altars:
Elyvilon
Hepliaklqana
Nemelex Xobeh
Qazlal
Yredelemnul

Annotations:
D:5 Grinder


Innate Abilities, Weirdness & Mutations

You have extremely sharp teeth.
Your natural rate of healing is unusually fast.
When hurt, damage is shared between your health and your magic reserves.
Your bite disrupts and absorbs the magic of your enemies.
Potions cannot restore your health.
You are immune to rotting.


Message History

Grinder hits you!
You writhe in agony.
Grinder barely misses you. Grinder hits you.
You writhe in agony.
You can move again.
You take 11 damage, and have 13/32 hp.
MASSIVE DAMAGE!!
You now have 3/7 mp.
Unknown command.
Unknown command.
Unknown command.
You feel very mighty all of a sudden. Grinder gestures at you.
Pain shoots through your body!
* * * LOW HITPOINT WARNING * * *
You take 5 damage, and have 8/32 hp.
You now have 2/7 mp.
You closely miss Grinder.
Grinder is lightly wounded.
Grinder hits you.
* * * LOW HITPOINT WARNING * * *
You writhe in agony.
You die...
Your body disappears without a glow.

..........†...>......#..#
#######.##############)##
....#.....##.............
.........(....#########.##
..............#...))....#
####..........#.#########
#..........#.# #.#
#..........#.######.#
#.....@5...#........#
####..........########.#
................. #.#
....##.########## #.# ....
#. #.# .. #. #.# #. #.###
#. #.... .. #####


You could see Grinder.

Vanquished Creatures
  A sky beast (D:5)
  Jessica (D:3)
  An iguana (D:5)
  An orc wizard (D:4)
  Natasha (D:3)
  8 adders
  2 oozes
  2 adder skeletons (D:4)
  A dart slug (D:3)
  2 leopard geckos
  8 orcs
  7 bats
  5 giant cockroaches
  2 gnoll zombies (D:3)
  6 goblins
  13 hobgoblins
  5 jackals
  A ball python (D:1)
  2 frilled lizards
  A jackal skeleton (D:5)
  6 kobolds
  8 rats
84 creatures vanquished.

Vanquished Creatures (others)
  A quokka (D:2)
1 creature vanquished.

Grand Total: 85 creatures vanquished

Notes
Turn   | Place    | Note
-------+----------+-------------------------------------------
     0 | D:1      | jasper the Vine Stalker Wanderer began the quest for the
                  | Orb.
     0 | D:1      | jasper set off with the following items: a +0 mace, a +2
                  | scale mail, a scroll of teleportation
     0 | D:1      | Reached XP level 1. HP: 11/11 MP: 2/2
   281 | D:1      | Reached skill level 1 in Unarmed Combat
   281 | D:1      | Reached XP level 2. HP: 15/15 MP: 3/3
   727 | D:1      | Reached XP level 3. HP: 18/18 MP: 4/4
  1240 | D:2      | Reached skill level 2 in Unarmed Combat
  1428 | D:2      | Found a white marble altar of Elyvilon.
  1503 | D:2      | Gained mutation: Your natural rate of healing is unusually
                  | fast. [Vine Stalker growth]
  1503 | D:2      | Reached XP level 4. HP: 21/23 MP: 5/5
  1857 | D:3      | Noticed Jessica
  1865 | D:3      | Killed Jessica
  1895 | D:3      | Found a hazy altar of Hepliaklqana.
  1977 | D:3      | Reached skill level 3 in Unarmed Combat
  1987 | D:3      | Reached XP level 5. HP: 24/27 MP: 1/6
  2137 | D:3      | Found a basalt altar of Yredelemnul.
  2549 | D:3      | Noticed Natasha
  2559 | D:3      | Killed Natasha
  2600 | D:3      | Found a sparkling altar of Nemelex Xobeh.
  2763 | D:3      | Became a worshipper of Nemelex Xobeh the Trickster
  2826 | D:4      | Reached XP level 6. HP: 32/32 MP: 4/7
  2892 | D:4      | Found a stormy altar of Qazlal.
  2892 | D:4      | Noticed a fire elemental
  2969 | D:5      | Entered Level 5 of the Dungeon
  3062 | D:5      | Noticed a sky beast
  3075 | D:5      | Killed a sky beast
  3075 | D:5      | Reached skill level 4 in Unarmed Combat
  3075 | D:5      | Reached skill level 1 in Invocations
  3110 | D:5      | Noticed Grinder
  3119 | D:5      | Paralysed by Grinder for 3 turns
  3124 | D:5      | Slain by Grinder

Illustrated notes

Levels and vault maps discovered:
D:1:      dpeg_arrival_signposts, layout_loops_ring
D:2:      layout_rooms, nicolae_overflow_hidden_temple, elyvilon_altar_4
D:3:      minmay_angry_zag, layout_basic, lemuel_zombie_altar_yredelemnul,
          lemuel_coloured_pillars_altar, lemuel_doored_altar, uniq_natasha,
          uniq_jessica
D:4:      layout_rooms, nicolae_qazlal_style_of_elements, kennysheep_little_box,
          nicolae_overflow_crystal_walls, kennysheep_small_spiral, st_stairs_1,
          fountainhead, serial_park_tiny_2, kennysheep_generic_room_11
D:5:      layout_basic, old_standard_altar, lemuel_round_altar, basic_altar,
          uniq_grinder, uniq_ijyb

Skill      XL: |  1  2  3  4  5  6 |
---------------+-------------------+-----
Fighting       | 2 3 |  3.3
Unarmed Combat | 1 2 3 4 |  4.3
Armour         | 2 3 |  3.0
Invocations    | 1 |  1.2
Short Blades   | |  1.0
Maces & Flails | |  1.7
Throwing       | |  1.0
Dodging        | |  0.2
Stealth        | |  1.2
Shields        | |  1.0

Action                   |  1- 3 |  4- 6 || total
-------------------------+-------+-------++-------
Melee: Mace              |    73 |    24 ||    97
       Bite              |    11 |    56 ||    67
       Punch             |     1 |     3 ||     4
       Unarmed           |       |   198 ||   198
Throw: Stone             |     3 |       ||     3
  Use: Potion            |     1 |     2 ||     3
Armor: Scale mail        |    52 |   137 ||   189
Dodge: Dodged            |    43 |   150 ||   193

Table legend: (Time is in decaauts)
 A = Elapsed time spent in this place.
 B = Non-inter-level travel time spent in this place.
 C = Inter-level travel time spent in this place.
 D = Time resting spent in this place.
 E = Time spent auto-exploring this place.
 F = Levels seen in this place.
 G = Mean time per level.
                   A        B        C        D        E       F      G
               +--------+--------+--------+--------+--------+-----+--------+
         Total |   3144 |   2943 |    201 |     45 |   2288 |   5 |  628.8 |
       Dungeon |   3144 |   2943 |    201 |     45 |   2288 |   5 |  628.8 |
               +--------+--------+--------+--------+--------+-----+--------+

Top non-repeatable levels by time:
     D:1: 1234 daAuts
     D:3: 1048 daAuts
     D:2: 591 daAuts
     D:5: 152 daAuts
     D:4: 117 daAuts
